 Dungeon Crawl Stone Soup version 0.30-a0-824-g6c64550be9 (webtiles) character file.

Game seed: 5350975423442494485

1378 cforsyth the Covert (level 8, 0/51 HPs)
             Began as a Kobold Brigand on Feb 28, 2023.
             Was an Initiate of Hepliaklqana.
             Slain by a kobold
             ... wielding a +0 whip
              (4 damage)
             ... on level 7 of the Dungeon.
             The game lasted 00:05:37 (5105 turns).

cforsyth the Covert (Kobold Brigand)                Turns: 5105, Time: 00:05:38

Health: 0/51       AC:  5    Str:  8    XL:     8   Next: 98%
Magic:  8/8        EV: 18    Int: 13    God:    Hepliaklqana [......]
Gold:   209        SH:  0    Dex: 18    Spells: 7/7 levels left

rFire   . . .      SeeInvis .    C - +10 falchion "Tesch" {vamp, Drain rC+ rN+}
rCold   + + .      Faith    .    (no shield)
rNeg    + . .      Spirit   .    b - +0 robe
rPois   .          Reflect  .    (no helmet)
rElec   .          Harm     .    c - +0 cloak
rCorr   .          Rampage  .    (no gloves)
Will    .....                    u - +1 pair of boots
Stlth   +++++                    (no amulet)
HPRegen 0.28/turn                m - ring of protection from cold
MPRegen 0.11/turn                x - ring of flight

@: flying
A: small, no large weapons, nightstalker 3
a: Renounce Religion


You were on level 7 of the Dungeon.
You worshipped Hepliaklqana.
Hepliaklqana was noncommittal.
You visited 2 branches of the dungeon, and saw 8 of its levels.

You collected 209 gold pieces.

Inventory:

Hand Weapons
 a - a +2 dagger
 C - the +10 falchion "Tesch" (weapon) {vamp, Drain rC+ rN+}
   (You found it on level 6 of the Dungeon)

   rC:        It protects you from cold.
   rN:        It protects you from negative energy.
   Drain:     It drains your maximum health when unequipped.
Missiles
 d - 20 poisoned darts (quivered)
 e - 3 curare-tipped darts
 r - 2 atropa-tipped darts
 E - a throwing net
Armour
 b - a +0 robe (worn)
 c - a +0 cloak (worn)
 u - a +1 pair of boots (worn)
Jewellery
 m - a ring of protection from cold (left hand)
 x - a ring of flight (right hand)
 y - a ring of fire
Wands
 z - a wand of roots (11)
 D - a wand of charming (6)
Scrolls
 g - 6 scrolls of identify {unknown}
 h - 3 scrolls of blinking {unknown}
 l - 3 scrolls of fog
 w - a scroll of butterflies {unknown}
 A - a scroll of vulnerability {unknown}
Potions
 f - 4 potions of curing
 i - a potion of flight {unknown}
 j - a potion of cancellation {unknown}
 k - a potion of ambrosia {unknown}
 n - a potion of degeneration {unknown}
 o - a potion of might {unknown}
 p - a potion of resistance
 q - a potion of magic {unknown}
 v - a potion of brilliance {unknown}
 B - a potion of haste {unknown}


   Skills:
 + Level 6.0 Fighting
 - Level 6.1(6.6) Short Blades
 + Level 2.1(3.2) Long Blades
 - Level 2.1 Throwing
 + Level 6.2 Dodging
 + Level 9.1 Stealth


You had 7 spell levels left.
You didn't know any spells.
Your spell library contained the following spells:

 Spells                   Type           Power      Damage    Failure   Level
 Apportation              Tloc           0%         N/A       30%         1
 Beastly Appendage        Tmut           0%         N/A       30%         1
 Necrotise                Necr           0%         1d4       30%         1
 Summon Small Mammal      Summ           0%         N/A       30%         1
 Sublimation of Blood     Necr           0%         N/A       43%         2
 Wereblood                Tmut           0%         N/A       43%         2
 Ignite Poison            Fire/Tmut/Pois 0%         N/A       67%         3
 Kindle Blastsparks       Fire/Tloc/Air  0%         2d10      67%         3
 Spider Form              Tmut/Pois      0%         N/A       67%         3
 Animate Dead             Necr           0%         N/A       97%         4
 Borgnjor's Vile Clutch   Necr/Erth      0%         N/A       100%        5
 Freezing Cloud           Conj/Ice/Air   0%         6-21      100%        5
 Death Channel            Necr           0%         N/A       100%        6
 Summon Hydra             Summ           0%         N/A       100%        7


Dungeon Overview and Level Annotations

Branches:
Dungeon (7/15)             Temple (1/1) D:6

Altars:
Ashenzari
Elyvilon
Fedhas
Gozag
Hepliaklqana
Makhleb
Nemelex Xobeh
Okawaru
Qazlal
Ru
Sif Muna
Uskayaw
Vehumet
Wu Jian
Xom
The Shining One

Shops:
D:2 :

Annotations:
D:3 exclusion: statue


Innate Abilities, Weirdness & Mutations

You are small and have problems with some larger weapons.
You are completely attuned to the shadows.


Message History

You are too injured to fight recklessly!
You are too injured to fight recklessly!
You are too injured to fight recklessly!
You are too injured to fight recklessly!
You are too injured to fight recklessly!
You are too injured to fight recklessly!
You are too injured to fight recklessly!
You closely miss the kobold. The kobold barely misses you.
The kobold closely misses you. The kobold misses you.
The kobold hits you but does no damage. The kobold closely misses you. x2
The kobold brigand hits you with a +0 short sword!
Okay, then.
Okay, then.
As you read the scroll labelled TEMEKH MYUTODO, it crumbles to dust.
The scroll dissolves into smoke.
It was a scroll of fog.
The kobold hits you with a +0 club.
* * * LOW HITPOINT WARNING * * *
The kobold completely misses you. The kobold misses you.
The kobold hits you with a +0 club.
* * * LOW HITPOINT WARNING * * *
The kobold misses you. The kobold hits you with a +0 whip.
* * * LOW HITPOINT WARNING * * *
The kobold brigand closely misses you.
As you read the scroll labelled WAHOLIA XEYDULI, it crumbles to dust.
It is a scroll of enchant armour.
Your +0 pair of boots glows green for a moment.
The kobold barely misses you. The kobold closely misses you.
The kobold completely misses you. The kobold hits you with a +0 club.
* * * LOW HITPOINT WARNING * * *
The kobold barely misses you. The kobold misses you.
The kobold brigand barely misses you.
As you read the scroll labelled RAALIXAOSA, it crumbles to dust.
You hear a loud clanging noise!
It was a scroll of noise.
You hear a bark!
You hear an angry hiss.
You hear a shout!
You hear an angry hiss.
You hear a shout!
The kobold misses you. The kobold barely misses you.
The kobold hits you but does no damage. The kobold closely misses you.
The kobold hits you but does no damage. The kobold hits you with a +0 whip.
You die...

#.
###.### .
...§§§ ..
##.KK#.#.
#.§K@K...
..§KKK..#
#[.h§.###
##...##
##.##


You could see a black bear, a kobold brigand and 6 kobolds.

Vanquished Creatures
  Sigmund (D:6)
  A steam dragon (D:5)
  Menkaure (D:6)
  An ogre (D:4)
  A sky beast (D:6)
  2 centaurs
  A phantom (D:6)
  Blork the orc (D:6)
  A scorpion (D:4)
  2 hounds (D:6)
  2 orc priests (D:6)
  A jelly (D:5)
  An iguana (D:6)
  2 orc wizards (D:6)
  7 gnolls
  7 adders
  2 worms
  2 dart slugs
  9 orcs
  5 ball pythons
  6 endoplasms (D:1)
  2 giant cockroaches
  7 goblins
  2 hobgoblins
  2 jackals (D:4)
  A quokka (D:3)
  4 bats
  A frilled lizard (D:3)
  8 kobolds
  4 rats
  A spectral goblin (D:6)
88 creatures vanquished.

Notes
Turn   | Place    | Note
-------+----------+-------------------------------------------
     0 | D:1      | cforsyth the Kobold Brigand began the quest for the Orb.
     0 | D:1      | Reached XP level 1. HP: 12/12 MP: 1/1
   115 | D:1      | Reached XP level 2. HP: 8/18 MP: 2/2
   254 | D:1      | Found a faded altar of an unknown god.
   529 | D:1      | Reached XP level 3. HP: 22/22 MP: 3/3
  1225 | D:2      | Found Ukaypus's Vocational Training.
  1773 | D:3      | Found a radiant altar of Vehumet.
  1964 | D:3      | Noticed a charred statue
  2058 | D:3      | Reached XP level 4. HP: 14/27 MP: 4/4
  2313 | D:3      | Found a sacrificial altar of Ru.
  2313 | D:3      | Found a shimmering altar of Xom.
  2468 | D:3      | Reached skill level 6 in Stealth
  2990 | D:4      | Noticed a scorpion
  2994 | D:4      | Killed a scorpion
  2995 | D:4      | Reached XP level 5. HP: 32/32 MP: 5/5
  3167 | D:4      | Found a white marble altar of Elyvilon.
  3172 | D:4      | Reached XP level 6. HP: 37/37 MP: 6/6
  3215 | D:4      | Noticed an ogre
  3217 | D:4      | Killed an ogre
  3472 | D:4      | Found a stormy altar of Qazlal.
  3586 | D:5      | Entered Level 5 of the Dungeon
  3705 | D:5      | Reached skill level 7 in Stealth
  3791 | D:5      | Noticed a steam dragon
  3795 | D:5      | Killed a steam dragon
  3796 | D:5      | Reached skill level 5 in Short Blades
  3796 | D:5      | Reached XP level 7. HP: 44/44 MP: 7/7
  3816 | D:5      | You are sucked into a shaft and drop 1 floor!
  3817 | D:6      | Noticed Sigmund
  3821 | D:6      | Killed Sigmund
  4065 | D:5      | Reached XP level 8. HP: 48/48 MP: 8/8
  4210 | D:5      | Reached skill level 5 in Fighting
  4210 | D:5      | Reached skill level 5 in Dodging
  4210 | D:5      | Reached skill level 8 in Stealth
  4386 | D:6      | Identified the +10 falchion "Tesch" {vamp, Drain rC+ rN+}
  4490 | D:6      | Identified the +1 leather armour "Pihot Vih" {rC++}
  4503 | D:6      | Found a staircase to the Ecumenical Temple.
  4526 | D:6      | Noticed Menkaure
  4531 | D:6      | Killed Menkaure
  4532 | D:6      | Reached skill level 1 in Long Blades
  4612 | Temple   | Entered the Ecumenical Temple
  4812 | D:6      | Found a hazy altar of Hepliaklqana.
  4819 | D:6      | Became a worshipper of Hepliaklqana the Forgotten
  4847 | D:6      | Noticed Blork the orc
  4855 | D:6      | Killed Blork the orc
  4856 | D:6      | Reached skill level 9 in Stealth
  4875 | D:6      | Found an ornate altar of the Wu Jian Council.
  4966 | D:6      | Found a sparkling altar of Nemelex Xobeh.
  5105 | D:7      | Slain by a kobold

Illustrated notes

Levels and vault maps discovered:
D:1:      saegor_arrival_fortress, layout_basic,
          dreamdust_ecumenical_altar_grove
D:2:      layout_loops_corners, serial_glass, glass_columns_c, glass_columns_c,
          due_unseen_surprise, minmay_statues_item, nicolae_shop_vocational
D:3:      layout_loops_corners, vehumet_statue, nicolae_overflow_two_pavilions
D:4:      layout_loops_ring, mainiacjoe_overflow_tiny_flanked,
          grunt_qazlal_clouds
D:5:      layout_rooms
D:6:      layout_rooms, marbit_many_paths, mainiacjoe_overflow_cross_hatched,
          nicolae_hepliaklqana_monster_ancestors, temple_statues,
          minmay_misc_feat_encased, hangedman_decor_riveting,
          grunt_ministairs_9, uniq_blork_the_orc, uniq_sigmund, uniq_menkaure
D:7:      black_bear_nest_2, layout_loops_ring, uniq_maggie
Temple:   nicolae_temple_ecumenical_triangle

Skill      XL: |  1  2  3  4  5  6  7  8 |
---------------+-------------------------+-----
Short Blades   | 3 4 5 6 |  6.1
Dodging        | 2 3 4 6 |  6.2
Fighting       | 3 4 6 |  6.0
Stealth        | 6 7 9 |  9.1
Long Blades    | 2 |  2.1
Throwing       | |  2.1

Action                     |  1- 3 |  4- 6 |  7- 9 || total
---------------------------+-------+-------+-------++-------
  Melee: Dagger            |    72 |    65 |    51 ||   188
         Punch             |     1 |     1 |     1 ||     3
         Falchion          |       |       |    55 ||    55
    Use: Potion            |       |       |     2 ||     2
         Scroll            |       |       |     3 ||     3
   Stab: Sleeping          |    20 |    20 |    15 ||    55
 Armour: Robe              |     5 |     7 |    29 ||    41
  Dodge: Dodged            |    28 |    23 |   133 ||   184

Table legend: (Time is in decaauts)
 A = Elapsed time spent in this place.
 B = Non-inter-level travel time spent in this place.
 C = Inter-level travel time spent in this place.
 D = Time resting spent in this place.
 E = Time spent auto-exploring this place.
 F = Levels seen in this place.
 G = Mean time per level.
                   A        B        C        D        E       F      G
               +--------+--------+--------+--------+--------+-----+--------+
         Total |   5075 |   4860 |    215 |    116 |   4105 |   8 |  634.4 |
       Dungeon |   5009 |   4811 |    198 |    116 |   4066 |   7 |  715.6 |
        Temple |     65 |     49 |     16 |      0 |     39 |   1 |   65.0 |
               +--------+--------+--------+--------+--------+-----+--------+

Top non-repeatable levels by time:
     D:3: 1196 daAuts
     D:2: 927 daAuts
     D:6: 823 daAuts
     D:1: 756 daAuts
     D:4: 683 daAuts
     D:5: 610 daAuts
  Temple: 65 daAuts
     D:7: 12 daAuts
